AoeStats
← clf730928

Black Forest

509128665Analyzed
3v3 RM · 5d ago on Sep 25, 2026· 80m 40s· 6 players
Game mode
Random Map
Map size
Normal (6 player)
Population
200
Speed
Normal
Resources
Standard
Victory
Conquest
Starting age
Dark Age
Ending age
Imperial Age
RankedLock teamsTeams togetherTeam positionsShared explorationLock speedFull tech treeHidden civsTurbo modeCheats
Victory
Defeat
🇭🇰 Persians · Hong Kong SAR China
894
+15
🇨🇳 Persians · China
860
+16
🇨🇳 Franks · China
851
+17
🇵🇪 Goths · Peru
907
-17
🇹🇼 Spanish · Taiwan
864
-16
🇹🇼 Berbers · Taiwan
836
-15
Ming
0:28 Loom
11:03 Feudal Age
18:34 Castle Age
16:55 Stone Mining
17:35 Horse Collar
17:49 Gold Mining
17:49 Double-Bit Axe
20:46 Stone Shaft Mining
22:34 Man-at-Arms
28:02 Kamandaran
30:15 Heavy Plow
30:56 Forging
44:07 Imperial Age
41:36 Elite Skirmisher
42:26 Scale Barding Armor
43:56 Wheelbarrow
45:36 Conscription
46:36 Bow Saw
47:20 Hand Cart
47:09 Elite War Elephant
48:48 Fletching
49:38 Crossbowman
50:23 Padded Archer Armor
51:43 Hoardings
52:03 Thumb Ring
53:28 Two-Man Saw
53:08 Leather Archer Armor
53:29 Iron Casting
53:47 Bodkin Arrow
55:21 Chain Barding Armor
61:25 Ring Archer Armor
61:31 Plate Barding Armor
63:15 Blast Furnace
65:39 Scale Mail Armor
66:32 Husbandry
66:42 Bloodlines
65:55 Light Cavalry
74:03 Chain Mail Armor
74:08 Hussar
彬彬有礼
0:29 Loom
14:21 Feudal Age
18:05 Castle Age
16:04 Double-Bit Axe
17:42 Wheelbarrow
29:31 Husbandry
34:41 Imperial Age
32:35 Gold Mining
32:44 Stone Mining
33:24 Bow Saw
35:46 Hand Cart
36:30 Gold Shaft Mining
35:24 Cavalier
36:34 Pikeman
37:14 Squires
37:00 Gambesons
37:00 Arson
39:23 Chemistry
38:46 Ballistics
38:07 Treadmill Crane
38:37 Masonry
38:44 Forging
38:39 Scale Barding Armor
38:35 Scale Mail Armor
44:39 Halberdier
47:39 Onager
59:33 Architecture
62:16 Elite Skirmisher
65:27 Chain Barding Armor
65:42 Iron Casting
65:09 Padded Archer Armor
68:57 Caravan
72:08 Chain Mail Armor
72:10 Leather Archer Armor
71:47 Fletching
72:58 Blast Furnace
72:34 Plate Barding Armor
75:00 Chivalry
75:27 Conscription
76:50 Plate Mail Armor
76:16 Bodkin Arrow
旺旺
5:13 Loom
20:15 Feudal Age
30:56 Castle Age
29:16 Stone Mining
29:10 Horse Collar
29:58 Gold Mining
31:20 Double-Bit Axe
31:41 Heavy Plow
41:39 Imperial Age
40:21 Wheelbarrow
40:24 Bow Saw
42:39 Crop Rotation
43:19 Two-Man Saw
44:20 Hand Cart
47:10 Scale Barding Armor
47:16 Forging
47:07 Scale Mail Armor
47:11 Arson
47:29 Squires
46:52 Pikeman
48:04 Conscription
48:28 Husbandry
48:39 Bloodlines
48:27 Elite War Elephant
50:23 Chain Barding Armor
50:39 Iron Casting
50:19 Chain Mail Armor
51:59 Plate Barding Armor
50:50 Halberdier
51:50 Halberdier
53:53 Blast Furnace
60:18 Plate Mail Armor
Gambitho
0:31 Loom
17:21 Feudal Age
17:39 Man-at-Arms
18:37 Horse Collar
21:28 Forging
21:56 Scale Mail Armor
23:12 Town Watch
28:14 Castle Age
26:41 Gold Mining
26:53 Double-Bit Axe
28:18 Long Swordsman
28:20 Pikeman
29:45 Iron Casting
29:46 Squires
32:57 Chain Mail Armor
33:54 Bloodlines
38:41 Wheelbarrow
44:31 Imperial Age
42:32 Bow Saw
42:26 Heavy Plow
42:18 Stone Mining
43:17 Treadmill Crane
43:48 Masonry
46:23 Two-Man Saw
48:42 Scale Barding Armor
50:48 Blast Furnace
49:54 Husbandry
49:16 Cavalier
49:18 Light Cavalry
49:24 Cavalier
49:38 Light Cavalry
50:41 Chain Barding Armor
51:40 Stone Shaft Mining
51:39 Crop Rotation
51:40 Fletching
52:45 Caravan
52:20 Hussar
52:57 Bodkin Arrow
53:25 Conscription
54:17 Hand Cart
54:04 Bracer
56:15 Coinage
55:56 Guilds
57:32 Halberdier
65:58 Padded Archer Armor
69:03 Two-Handed Swordsman
73:20 Leather Archer Armor
73:45 Two-Handed Swordsman
74:27 Crossbowman
74:51 Champion
clf730928
0:28 Loom
13:43 Feudal Age
18:11 Castle Age
16:03 Double-Bit Axe
16:10 Horse Collar
17:31 Stone Mining
18:54 Gold Mining
24:19 Wheelbarrow
32:17 Bow Saw
33:16 Bloodlines
33:07 Husbandry
36:11 Imperial Age
33:42 Pikeman
34:07 Arson
34:08 Gambesons
34:25 Squires
34:40 Fletching
35:01 Forging
34:51 Scale Mail Armor
35:15 Caravan
37:02 Iron Casting
36:22 Bodkin Arrow
37:36 Conscription
36:46 Halberdier
39:50 Hoardings
40:39 Chain Mail Armor
41:25 Blast Furnace
40:26 Bracer
40:27 Padded Archer Armor
40:32 Scale Barding Armor
42:31 Murder Holes
42:56 Ballistics
43:37 Chemistry
42:48 Masonry
43:11 Plate Mail Armor
43:25 Supremacy
43:41 Fortified Wall
45:02 Masonry
46:12 Bombard Tower
46:04 Masonry
46:04 Fortified Wall
47:26 Chain Barding Armor
47:21 Leather Archer Armor
49:34 Plate Barding Armor
53:29 Town Watch
54:00 Hand Cart
54:37 Architecture
54:41 Ring Archer Armor
55:14 Light Cavalry
55:18 Cavalier
55:41 Elite Skirmisher
56:27 Thumb Ring
55:55 Heavy Mounted Crossbowman
56:37 Elite Genitour
64:31 Two-Man Saw
63:17 Hussar
71:30 Town Patrol
79:50 Heavy Plow
cynthia180319
0:46 Loom
13:23 Feudal Age
23:18 Fletching
23:31 Padded Archer Armor
25:39 Castle Age
25:41 Scale Barding Armor
28:33 Wheelbarrow
28:30 Double-Bit Axe
28:28 Horse Collar
28:43 Stone Mining
28:45 Gold Mining
28:58 Bodkin Arrow
29:19 Leather Archer Armor
30:37 Town Watch
34:54 Bow Saw
37:34 Kasbah
40:45 Imperial Age
39:24 Chain Barding Armor
39:52 Stone Shaft Mining
39:25 Heavy Plow
41:12 Thumb Ring
43:41 Ballistics
44:22 Chemistry
43:18 Murder Holes
43:39 Fortified Wall
44:54 Elite Genitour
47:29 Crop Rotation
47:44 Masonry
48:26 Plate Barding Armor
48:22 Ring Archer Armor
47:53 Bracer
47:54 Scale Mail Armor
48:04 Forging
50:14 Hand Cart
50:05 Town Patrol
52:31 Elite Camel Archer
58:45 Pikeman
59:26 Squires
60:54 Heavy Camel Rider
64:01 Heavy Camel Rider
69:19 Chain Mail Armor
69:39 Iron Casting
74:07 Man-at-Arms
Connection lost

Rejoining the realm…

Still unreachable

The connection could not be restored.

Session expired

The server has moved on; the page needs a fresh start.